 Dungeon Crawl Stone Soup version 0.29.1-15-g9cfb28693d (webtiles) character file.

Game seed: 13591394956339777638

697 boopmooplesden the Poker (level 7, -11/61 HPs)
             Began as a Minotaur Fighter on Mar 20, 2023.
             Was an Initiate of Okawaru.
             Mangled by a gnoll sergeant
             ... wielding a +2 spear of venom
              (13 damage)
             ... on level 4 of the Dungeon.
             The game lasted 00:06:47 (4236 turns).

boopmooplesden the Poker (Minotaur Fighter)         Turns: 4236, Time: 00:06:48

Health: -11/61     AC:  9    Str: 23    XL:     7   Next: 37%
Magic:  4/6        EV: 11    Int:  5    God:    Okawaru [......]
Gold:   219        SH:  6    Dex:  9    Spells: 6/6 levels left

rFire   . . .      SeeInvis .   a - +2 trident
rCold   . . .      Faith    .   c - +0 buckler
rNeg    . . .      Spirit   .   g - +0 scale mail
rPois   .          Reflect  .   (helmet restricted)
rElec   .          Harm     .   (no cloak)
rCorr   +          Rampage  .   (no gloves)
Will    .....                   (no boots)
Stlth   +.........              (no amulet)
HPRegen 0.20/turn               f - ring of resist corrosion
MPRegen 0.10/turn               (no ring)

@: lethally poisoned (-11 -> -21), heroic
A: horns 2, retaliatory headbutt
a: Renounce Religion


You were on level 4 of the Dungeon.
You worshipped Okawaru.
Okawaru was noncommittal.
You visited 1 branch of the dungeon, and saw 4 of its levels.

You collected 219 gold pieces.

Inventory:

Hand Weapons
 a - a +2 trident (weapon)
 b - a +2 vorpal sling
Armour
 c - a +0 buckler (worn)
 g - a +0 scale mail (worn)
Jewellery
 f - a ring of resist corrosion (left hand)
 l - a ring of ice
 n - a ring of magical power
Wands
 q - a wand of polymorph (14)
Scrolls
 e - 2 scrolls of identify
 h - a scroll of acquirement {unknown}
 m - a scroll of silence {unknown}
 r - a scroll of vulnerability {unknown}
Potions
 d - a potion of might
 j - a potion of brilliance {unknown}
 k - 2 potions of degeneration {unknown}
 o - a potion of heal wounds {unknown}


   Skills:
 + Level 5.5(10.5) Fighting
 + Level 6.3(11.3) Polearms
 + Level 1.6(6.6) Ranged Weapons
 + Level 6.2(11.2) Armour
 + Level 1.4(6.4) Dodging
 + Level 0.6(5.6) Stealth
 + Level 4.3(9.3) Shields


You had 6 spell levels left.
You didn't know any spells.
Your spell library contained the following spells:

 Spells                   Type           Power      Damage    Failure   Level
 Portal Projectile        Hex/Tloc       0%         N/A       99%         3
 Blade Hands              Tmut           0%         N/A       100%        5
 Tukima's Dance           Hex            Unusable   N/A       N/A         3

Dungeon Overview and Level Annotations

Branches:
Dungeon (4/15)             Temple (0/1) D:4

Altars:
Okawaru
Wu Jian


Innate Abilities, Weirdness & Mutations

You have a pair of horns on your head.
You reflexively headbutt those who attack you in melee.


Message History

The gnoll sergeant closely misses you. You furiously retaliate!
You headbutt the gnoll sergeant, but do no damage.
You feel like a meek peon again.
* * * LOW HITPOINT WARNING * * *
You feel very sick. You block the gnoll sergeant's attack.
You feel sick.
Your surroundings suddenly seem different.
You feel sick.
You feel sick.
You feel sick.
There is an open door here.
You feel sick.
You close the door.
You feel sick.
You start resting.
You feel sick.
You are no longer poisoned.
You start resting.
Magic restored.
You start resting.
A gnoll sergeant opens the door.
It is wielding a +2 spear of venom.
You gain the combat prowess of a mighty hero.
You can no longer gain great but temporary skills.
You catch the helpless gnoll sergeant completely off-guard!
You puncture the gnoll sergeant!
The gnoll sergeant is moderately wounded.
You block the gnoll sergeant's attack.
You hit the gnoll sergeant.
Your headbutt misses the gnoll sergeant.
The gnoll sergeant is heavily wounded.
The gnoll sergeant hits you with a +2 spear of venom.
* * * LOW HITPOINT WARNING * * *
You are lethally poisoned!
You hit the gnoll sergeant.
You headbutt the gnoll sergeant, but do no damage.
The gnoll sergeant is heavily wounded.
* * * LOW HITPOINT WARNING * * *
You feel very sick.
An orc comes into view. It is wielding a +0 club.
The gnoll sergeant hits you with a +2 spear of venom!
You die...

###### ..... ....
~~≈ ~≈ ##### #...#
################@..#
##...#...g'....#g###
...########....#.#
...#.......))..#.#
)~.........#)'##.#
~~.........#.....#
...#.......#.....#
##########)#####o#
...'.....))# #.#


You could see a gnoll sergeant and an orc (wandering).

Vanquished Creatures
  An ogre (D:4)
  A necrophage (D:4)
  A scorpion (D:4)
  A howler monkey (D:4)
  A jelly (D:4)
  Jessica (D:3)
  Terence (D:3)
  7 adders
  16 gnolls
  2 dart slugs (D:1)
  16 orcs (D:4)
  4 ball pythons
  5 bats
  12 endoplasms
  11 giant cockroaches
  8 goblins
  9 hobgoblins
  17 jackals
  A quokka (D:1)
  A frilled lizard (D:1)
  7 kobolds
  12 rats
135 creatures vanquished.

Vanquished Creatures (others)
  5 plants (D:2)
5 creatures vanquished.

Grand Total: 140 creatures vanquished

Notes
Turn   | Place    | Note
-------+----------+-------------------------------------------
     0 | D:1      | boopmooplesden the Minotaur Fighter began the quest for the
                  | Orb.
     0 | D:1      | Reached XP level 1. HP: 19/19 MP: 0/0
     1 | D:1      | Found a runed translucent door.
    29 | D:1      | Reached XP level 2. HP: 23/27 MP: 1/1
   184 | D:1      | Reached XP level 3. HP: 33/33 MP: 2/2
   789 | D:1      | Reached XP level 4. HP: 40/40 MP: 3/3
  1083 | D:2      | Found a faded altar of an unknown god.
  2190 | D:3      | Reached skill level 1 in Ranged Weapons
  2336 | D:3      | Noticed Jessica
  2344 | D:3      | Killed Jessica
  2345 | D:3      | Reached XP level 5. HP: 34/47 MP: 4/4
  2641 | D:3      | Noticed Terence
  2644 | D:3      | Killed Terence
  2879 | D:4      | Reached skill level 5 in Armour
  2879 | D:4      | Reached XP level 6. HP: 39/55 MP: 5/5
  2881 | D:4      | Found an iron altar of Okawaru.
  2913 | D:4      | Became a worshipper of Warmaster Okawaru
  3105 | D:4      | Found an ornate altar of the Wu Jian Council.
  3113 | D:4      | Reached skill level 5 in Fighting
  3113 | D:4      | Reached skill level 5 in Polearms
  3113 | D:4      | Reached skill level 1 in Dodging
  3356 | D:4      | Found a staircase to the Ecumenical Temple.
  3570 | D:4      | Reached * piety under Okawaru
  3571 | D:4      | Reached XP level 7. HP: 51/61 MP: 6/6
  4199 | D:4      | HP: 3/61 [poisoned by a gnoll sergeant]
  4236 | D:4      | HP: 2/61 [poisoned by a gnoll sergeant]
  4236 | D:4      | Mangled by a gnoll sergeant

Illustrated notes

Levels and vault maps discovered:
D:1:      dpeg_arrival_caged_fury, layout_loops_ring, nrook_mini_vaults,
          hex_tiny
D:2:      wad_lake_hut, layout_basic, ebering_ecumenical_altar_abandoned
D:3:      layout_basic, minmay_misc_feat_roman, hex_large, uniq_terence,
          uniq_jessica
D:4:      lemuel_castle_with_subvaults [lemuel_castle_interior_carwin_3],
          layout_rooms, mainiacjoe_overflow_small_starburst,
          nicolae_overflow_hidden_temple, mainiacjoe_overflow_tiny_flanked,
          minmay_temple_entry_enclosed_plants, minmay_goblin_kobold_house

Skill      XL: |  1  2  3  4  5  6  7 |
---------------+----------------------+-----
Fighting       | 4 5 |  5.5
Armour         | 4 5 6 |  6.2
Polearms       | 3 4 5 6 |  6.3
Shields        | 4 |  4.3
Ranged Weapons | 1 |  1.6
Dodging        | 1 |  1.4
Stealth        | |  0.6

Action                   |  1- 3 |  4- 6 |  7- 9 || total
-------------------------+-------+-------+-------++-------
Melee: Trident           |    91 |   137 |    80 ||   308
       Headbutt          |    15 |    20 |    18 ||    53
 Fire: Sling             |    11 |    18 |     3 ||    32
Invok: Heroism           |       |       |     4 ||     4
  Use: Scroll            |       |     5 |     4 ||     9
       Potion            |       |       |     2 ||     2
 Stab: Distracted        |       |       |     1 ||     1
Armor: Scale mail        |    42 |    81 |    15 ||   138
Dodge: Dodged            |    47 |    75 |    32 ||   154
Block: Buckler           |    12 |    36 |    12 ||    60
